 Dungeon Crawl Stone Soup version 0.29-a0-557-g43b9904bd1 (webtiles) character file.

Game seed: 1007132092446044275

1752 ptdevnull the Thaumaturge (level 8, -14/65 HPs)
             Began as a Mummy Necromancer on June 9, 2022.
             Was a Follower of Kikubaaqudgha.
             Demolished by an orc knight
             ... wielding a +0 war axe
              (25 damage)
             ... in a bailey.
             The game lasted 00:20:31 (7183 turns).

ptdevnull the Thaumaturge (Mummy Necromancer)       Turns: 7183, Time: 00:20:31

Health: -14/65     AC:  5    Str: 11    XL:     8   Next: 78%
Magic:  0/20       EV: 11    Int: 16    God:    Kikubaaqudgha [*.....]
Gold:   374        SH:  0    Dex: 13    Spells: 10/23 levels left

rFire   + . .      SeeInvis +   b - +2 whip (venom)
rCold   . . .      Faith    .   (no shield)
rNeg    + + +      Spirit   .   c - +0 leather armour
rPois   ∞          Reflect  .   j - +0 helmet
rElec   +          Harm     .   h - scarf {shadows}
rCorr   .          Rampage  .   r - +0 pair of gloves
Will    +....                   (no boots)
Stlth   +.........              (no amulet)
HPRegen 0.20/turn               o - ring "Woek" {rElec rF++ rC- SInv Stlth-}
MPRegen 0.17/turn               (no ring)

@: animating dead
A: cold resistance 1, negative energy resistance 3, torment resistance 2, heat
vulnerability 1, in touch with death 1, no potions
a: Renounce Religion, Unearth Wretches


You were in a bailey.
You worshipped Kikubaaqudgha.
Kikubaaqudgha was aware of your devotion.
You visited 2 branches of the dungeon, and saw 8 of its levels.
You also visited: Sewer and Bailey.

You collected 396 gold pieces.
You spent 22 gold pieces at shops.

Inventory:

Hand Weapons
 a - a +0 spear
 b - a +2 whip of venom (weapon)
 m - a +3 hunting sling
Armour
 c - a +0 leather armour (worn)
 d - a +0 robe
 h - a scarf of shadows (worn)
 j - a +0 helmet (worn)
 r - a +0 pair of gloves (worn)
Jewellery
 o - the ring "Woek" (left hand) {rElec rF++ rC- SInv Stlth-}
   (You found it on level 4 of the Dungeon)

   [ring of see invisible]

   rF:        It greatly protects you from fire.
   rC:        It makes you vulnerable to cold.
   rElec:     It insulates you from electricity.
   SInv:      It lets you see invisible.
   Stlth:     It makes you less stealthy.
 q - a ring of fire
Wands
 s - a wand of digging (6)
Scrolls
 e - 2 scrolls of vulnerability
 f - 2 scrolls of fog
 g - 2 scrolls of teleportation
 i - a scroll of blinking
 k - a scroll of enchant weapon
 l - 2 scrolls of identify
 n - a scroll of immolation
 p - a scroll of noise


   Skills:
 + Level 6.3 Fighting
 - Level 1.5 Dodging
 - Level 1.5 Stealth
 + Level 8.2 Spellcasting
 + Level 7.7 Necromancy


You had 10 spell levels left.
You knew the following spells:

 Your Spells              Type           Power      Damage    Failure   Level
a - Necrotize             Necr           100%       1d9       1%          1
b - Vampiric Draining     Necr           47%        2d9       1%          3
c - Animate Dead          Necr           47%        N/A       6%          4
d - Agony                 Necr           47%        N/A       17%         5

Your spell library contained the following spells:

 Spells                   Type           Power      Damage    Failure   Level
 Poisonous Vapours        Pois/Air       12%        N/A       22%         2
 Anguish                  Hex/Necr       14%        N/A       28%         4
 Corpse Rot               Necr/Pois/Air  22%        N/A       45%         4


Dungeon Overview and Level Annotations

Branches:
Dungeon (7/15)             Temple (1/1) D:5           Sewer (visited)
 Bailey (1/1)

Altars:
Cheibriados
Elyvilon
Gozag
Kikubaaqudgha
Makhleb
Nemelex Xobeh
Qazlal
Ru
Trog
Uskayaw
Xom
Yredelemnul

Shops:
D:3 *

Annotations:
D:6 2 runed translucent doors, Hubjo's ghost, novice DsTm


Innate Abilities, Weirdness & Mutations

You are immune to poison.
Your flesh is cold resistant. (rC+)
You are immune to negative energy. (rN+++)
You are immune to unholy pain and torment.
You are vulnerable to heat. (rF-)
You are in touch with the powers of death.
You do not drink.


Message History

The orc knight is lightly wounded.
Your kobold zombie misses the orc knight.
The orc knight splashes around in the water.
Unknown command.
You hit the orc knight but do no damage.
The orc knight looks as sick as possible!
The orc knight is lightly wounded.
The orc knight hits you with a +0 war axe!!
The orc knight hits your kobold zombie with a +0 war axe!
Your kobold zombie is destroyed!
Unknown command.
You are too injured to fight recklessly!
Casting: Necrotize (safe; 1% risk of failure)
Confirm with . or Enter, or press ? or * to list all spells.
Aiming: Vampiric Draining (safe; 1% risk of failure)
Press: ? - help, Shift-Dir - straight line, f/p - orc knight
Aim: an orc knight, wielding a +0 war axe and wearing a +0 chain mail (moderately wounded, very poisoned, ally target)
You feel a surge of power!
You draw life force from the orc knight!
You feel life coursing into your body.
Your kobold skeleton crumbles into dust!
The orc knight hits you with a +0 war axe!!
* * * LOW HITPOINT WARNING * * *
Casting: Vampiric Draining (safe; 1% risk of failure)
Confirm with . or Enter, or press ? or * to list all spells.
Aiming: Vampiric Draining (safe; 1% risk of failure)
Press: ? - help, Shift-Dir - straight line, f/p - orc knight
Aim: an orc knight, wielding a +0 war axe and wearing a +0 chain mail (heavily wounded, very poisoned)
You feel a surge of power!
You draw life force from the orc knight.
You feel life coursing into your body. The orc knight closely misses you.
Casting: Vampiric Draining (safe; 1% risk of failure)
Confirm with . or Enter, or press ? or * to list all spells.
Aiming: Necrotize (safe; 1% risk of failure)
Press: ? - help, Shift-Dir - straight line, f/p - orc knight
Aim: an orc knight, wielding a +0 war axe and wearing a +0 chain mail (severely wounded, very poisoned, chance to affect: 70%)
You feel a surge of power!
The orc knight struggles to resist.
The orc knight hits you with a +0 war axe!!
You die...
Kikubaaqudgha rasps: "You have failed me!
Welcome... oblivion!"

.......# ......## .....##
##...## ##...####
##.....#### ##.......###
##..∩.....(####
#............@####
#≈≈≈≈≈≈≈≈≈....o...###
#≈≈≈≈≈≈≈≈≈≈≈≈≈≈.......##
≈≈≈#########≈≈≈≈≈......#
≈≈K#...!og.#∩≈≈≈≈≈≈≈....#
####.......####..≈)≈≈≈≈≈≈≈
#. ####+####..#..(...≈≈≈≈≈
....###......### ##
#.....##


You could see an orc knight (very poisoned).

Vanquished Creatures
  A water moccasin (Sewer)
  An orc warrior (Bailey)
  A black bear (D:5)
  An ogre (D:6)
  2 phantoms (D:6)
  A bullfrog (D:6)
  3 necrophages
  3 scorpions
  A howler monkey (D:4)
  5 hounds
  2 jellies
  A gnoll shaman (D:6)
  3 iguanas
  2 orc wizards
  10 gnolls
  2 adders
  A shadow imp (D:5)
  2 white imps
  5 worms
  A dart slug (D:4)
  14 orcs
  9 ball pythons
  4 bats
  7 endoplasms
  3 giant cockroaches
  10 goblins
  4 hobgoblins
  13 jackals
  4 quokkas
  A frilled lizard (D:1)
  10 kobolds
  2 rats
129 creatures vanquished.

Vanquished Creatures (collateral kills)
  Menkaure (D:5)
  2 gnolls
  An orc (D:6)
  An endoplasm (D:1)
  3 jackals
  A frilled lizard (D:2)
  A rat (D:2)
10 creatures vanquished.

Vanquished Creatures (others)
  A goblin zombie (D:7)
  A hobgoblin zombie (Bailey)
  A kobold zombie (Bailey)
3 creatures vanquished.

Grand Total: 142 creatures vanquished

Notes
Turn   | Place    | Note
-------+----------+-------------------------------------------
     0 | D:1      | ptdevnull the Mummy Necromancer began the quest for the
                  | Orb.
     0 | D:1      | Reached XP level 1. HP: 13/13 MP: 4/4
   319 | D:1      | Reached skill level 3 in Spellcasting
   319 | D:1      | Reached XP level 2. HP: 20/20 MP: 0/6
   444 | D:1      | Reached skill level 1 in Fighting
  1121 | D:2      | Gained mutation: You are in touch with the powers of death.
                  | [Mummy growth]
  1121 | D:2      | Reached XP level 3. HP: 22/26 MP: 1/7
  1125 | D:2      | Learned a level 3 spell: Vampiric Draining
  2088 | D:3      | Found Roasmi's General Store.
  2096 | D:3      | Bought a scroll of identify for 22 gold pieces
  2114 | D:3      | Reached XP level 4. HP: 33/33 MP: 6/9
  2305 | D:3      | Found a faded altar of an unknown god.
  2473 | D:4      | Reached skill level 4 in Spellcasting
  2754 | D:3      | Reached XP level 5. HP: 28/39 MP: 1/11
  2837 | D:3      | Learned a level 4 spell: Animate Dead
  2856 | D:4      | Reached skill level 5 in Necromancy
  3328 | D:4      | Reached skill level 5 in Spellcasting
  3328 | D:4      | Reached XP level 6. HP: 32/47 MP: 7/13
  3550 | D:4      | Identified the ring "Woek" {rElec rF++ rC- SInv Stlth-}
  3674 | D:5      | Entered Level 5 of the Dungeon
  3961 | D:5      | Found a staircase to the Ecumenical Temple.
  3970 | Temple   | Entered the Ecumenical Temple
  4055 | Temple   | Became a worshipper of Kikubaaqudgha
  4122 | D:5      | Noticed Menkaure
  4128 | D:5      | Killed Menkaure
  4129 | D:5      | Reached XP level 7. HP: 54/54 MP: 15/15
  4290 | D:5      | Learned a level 5 spell: Agony
  4347 | D:5      | Reached skill level 6 in Spellcasting
  4858 | D:6      | Found a glowing drain.
  4871 | Sewer    | Entered a sewer
  5178 | D:6      | Reached skill level 5 in Fighting
  5191 | D:6      | Reached * piety under Kikubaaqudgha
  5191 | D:6      | Received a gift from Kikubaaqudgha
  5192 | D:6      | Reached XP level 8. HP: 62/62 MP: 10/18
  5193 | D:6      | Reached skill level 7 in Spellcasting
  5258 | D:6      | Found a runed translucent door.
  5270 | D:6      | Noticed Hubjo's ghost (novice DsTm)
  5367 | D:6      | Found a runed translucent door.
  5416 | D:6      | Found a basalt altar of Yredelemnul.
  5511 | D:6      | HP: 2/63 [white imp/puff of frost (6)]
  6180 | D:6      | Found a sacrificial altar of Ru.
  6528 | D:6      | Found an opulent altar of Gozag.
  6542 | D:6      | Reached skill level 8 in Spellcasting
  7075 | D:7      | Found a flagged portal.
  7130 | Bailey   | Entered a bailey
  7163 | Bailey   | Noticed an orc knight
  7183 | Bailey   | Demolished by an orc knight

Illustrated notes

Levels and vault maps discovered:
D:1:      lightli_arrival_maybe_door_vault, layout_basic, dk_noncrumbling_4
D:2:      layout_loops_cross, minivault_27
D:3:      layout_rooms, shapermc_ecumenical_altar_flowoftime, serial_shops,
          shop, dreamdust_princess_bridge
D:4:      layout_cave_pools
D:5:      layout_rooms, minmay_temple_entry_antechambers, uniq_menkaure
D:6:      layout_basic, lemuel_doored_altar, overflow_temple_1_default,
          nicolae_ru_the_path_less_chosen, cheibrodos_sewer_entry_sluice,
          ebering_ghost_sewer_f
D:7:      layout_loops_corners, nicolae_hepliaklqana_monster_ancestors,
          enter_bailey_5, uniq_joseph
Temple:   dpeg_three_leaves_temple
Bailey:   bailey_axe_4, bailey

Skill      XL: |  1  2  3  4  5  6  7  8 |
---------------+-------------------------+-----
Spellcasting   | 3 4 5 6 8 |  8.2
Fighting       | 1 2 3 4 5 6 |  6.3
Necromancy     | 5 6 7 |  7.7
Dodging        | |  1.5
Stealth        | |  1.5

Action                   |  1- 3 |  4- 6 |  7- 9 || total
-------------------------+-------+-------+-------++-------
Melee: Spear             |    31 |       |       ||    31
       Unarmed           |     4 |       |       ||     4
       Whip              |       |    28 |    82 ||   110
       Punch             |       |       |     2 ||     2
 Fire: Hunting sling     |     6 |       |       ||     6
 Cast: Necrotize         |    77 |    74 |   139 ||   290
       Vampiric Draining |       |     2 |     5 ||     7
       Animate Dead      |       |       |     2 ||     2
  Use: Scroll            |       |     8 |     7 ||    15
 Stab: Sleeping          |     2 |       |       ||     2
Armor: Leather armour    |    12 |    16 |    36 ||    64
Dodge: Dodged            |    25 |    45 |    86 ||   156

Table legend: (Time is in decaauts)
 A = Elapsed time spent in this place.
 B = Non-inter-level travel time spent in this place.
 C = Inter-level travel time spent in this place.
 D = Time resting spent in this place.
 E = Time spent auto-exploring this place.
 F = Levels seen in this place.
 G = Mean time per level.
                   A        B        C        D        E       F      G
               +--------+--------+--------+--------+--------+-----+--------+
         Total |   7200 |   6995 |    205 |   1263 |   4492 |  10 |  720.0 |
       Dungeon |   6831 |   6653 |    178 |   1195 |   4314 |   7 |  975.9 |
        Temple |     93 |     66 |     27 |      0 |     58 |   1 |   93.0 |
         Sewer |    221 |    221 |      0 |     68 |    113 |   1 |  221.0 |
        Bailey |     53 |     53 |      0 |      0 |      7 |   1 |   53.0 |
               +--------+--------+--------+--------+--------+-----+--------+

Top non-repeatable levels by time:
     D:6: 1747 daAuts
     D:5: 1304 daAuts
     D:1: 1099 daAuts
     D:4: 959 daAuts
     D:2: 812 daAuts
     D:3: 808 daAuts
   Sewer: 221 daAuts
     D:7: 99 daAuts
  Temple: 93 daAuts
  Bailey: 53 daAuts
